Selects Australian Defense Battlegroup
Selects Australian Light Infantry Section
Australian Light Infantry Section
Construct Section Command Post
Australian Light Infantry Section
Selects 2-pounder Anti-tank Gun Team
Australian Light Infantry Section
Construct Platoon Command Post
Construct Field Infirmary
2-pounder Anti-tank Gun Team
Selects Vehicle Over Repair
Australian Light Infantry Section
2-pounder Anti-tank Gun Team
2-pounder Anti-tank Gun Team
Selects CMP 15cwt Supply Run
Construct Company Command Post
Selects Reinforced Resource Caches